 Dungeon Crawl Stone Soup version 0.29-a0-577-gafbf2c5d25 (webtiles) character file.

Game seed: 6238316704359655189

20 DocClef the Sneak (level 2, -4/26 HPs)
             Began as a Draconian Delver on June 13, 2022.
             Slain by an orc
             ... wielding a +0 mace
              (6 damage)
             ... on level 4 of the Dungeon.
             The game lasted 00:00:15 (114 turns).

DocClef the Sneak (Draconian Delver)                 Turns: 114, Time: 00:00:16

Health: -4/26      AC:  4    Str: 14    XL:     2   Next: 58%
Magic:  2/2        EV: 12    Int: 10    God:
Gold:   0          SH:  0    Dex: 12    Spells: 1/1 levels left

rFire   . . .      SeeInvis .   a - +0 short sword
rCold   . . .      Faith    .   (no shield)
rNeg    . . .      Spirit   .   (body armour unavailable)
rPois   .          Reflect  .   (helmet restricted)
rElec   .          Harm     .   (no cloak)
rCorr   .          Rampage  .   (no gloves)
Will    .....                   (no boots)
Stlth   +++.......              (no amulet)
HPRegen 0.08/turn               (no ring)
MPRegen 0.08/turn               (no ring)

@: no status effects
A: AC +4, unfitting armour, cold-blooded
a: no special abilities


You were on level 4 of the Dungeon.
You visited 1 branch of the dungeon, and saw 2 of its levels.

Inventory:

Hand Weapons
 a - a +0 short sword (weapon)
Wands
 f - a wand of digging (3)
Scrolls
 b - a scroll of fog
 c - a scroll of magic mapping
 d - a scroll of fear
Potions
 e - a potion of haste


   Skills:
 + Level 3.4 Fighting
 + Level 2.1 Short Blades
 + Level 1.8 Dodging
 + Level 5.1 Stealth


You had one spell level left.
You didn't know any spells.
Your spell library was empty.

Dungeon Overview and Level Annotations

Branches:
Dungeon (5/15)
 Temple: D:4-7

Altars:


Innate Abilities, Weirdness & Mutations

Your plain brown scales are hard. (AC +4)
You cannot fit into any form of body armour.
You are cold-blooded and may be slowed by cold attacks.


Message History

There is an entrance to a sewer on this level.
Hurry and find it before the portal rusts away!
There is a stone staircase leading down here.
An orc comes into view. It is wielding a +0 short sword.
The helpless gnoll fails to defend itself.
You puncture the gnoll!
The gnoll is almost dead.
The gnoll hits you with a +0 whip.
You hit the gnoll.
You kill the gnoll!
You have reached level 2!
The helpless gnoll fails to defend itself.
You puncture the gnoll!
The gnoll is almost dead.
The gnoll hits you with a +0 spear.
You hit the gnoll.
You kill the gnoll!
The gnoll shouts!
The orc shouts!
You hear a shout! x2
Your Stealth skill increases to level 5!
You hit the gnoll.
The gnoll is lightly wounded.
The gnoll hits you with a +0 club.
An orc comes into view. It is wielding a +0 hand axe.
You barely miss the gnoll.
The gnoll is lightly wounded.
The gnoll hits you with a +0 club.
You hit the gnoll. You tail-slap the gnoll.
The gnoll is moderately wounded.
The gnoll closely misses you.
You barely miss the gnoll.
The gnoll is moderately wounded.
The gnoll hits you with a +0 club.
* * * LOW HITPOINT WARNING * * *
You hit the gnoll but do no damage.
The gnoll is moderately wounded.
The gnoll hits you with a +0 club.
* * * LOW HITPOINT WARNING * * *
You barely miss the gnoll.
The gnoll is moderately wounded.
The gnoll misses you. The orc hits you with a +0 mace.
You die...

..# ..# # #.###.
#...# ##...#
#....##
##....>#####.#
#...........#
#..#.).@.....#
......ogo....#
.........####..#
......##o. ..
.....# ##.. #
##..# #. ##. .#
# .#


You could see a gnoll and 3 orcs.

Vanquished Creatures
  2 gnolls (D:4)
2 creatures vanquished.

Notes
Turn   | Place    | Note
-------+----------+-------------------------------------------
     0 | D:5      | DocClef the Draconian Delver began the quest for the Orb.
     0 | D:5      | Reached XP level 1. HP: 19/19 MP: 1/1
    63 | D:5      | Noticed an iguana
    64 | D:5      | Noticed an orc priest
    65 | D:5      | Noticed an orc wizard
    65 | D:5      | Noticed an orc wizard
   106 | D:4      | Reached XP level 2. HP: 20/26 MP: 2/2
   109 | D:4      | Reached skill level 5 in Stealth
   114 | D:4      | Slain by an orc

Illustrated notes

Levels and vault maps discovered:
D:4:      layout_layer_cave, nicolae_dithmenos_the_darkroom,
          lemuel_doored_altar, lemuel_crystal_altar, lightli_sewer_entry_pipes,
          serial_shops, nicolae_shop_statue_plus, grunt_ministairs_3,
          minmay_misc_feat_chi, hangedman_decor_points
D:5:      layout_basic, serial_shops, nicolae_lakefront_shop,
          lemuel_flame_loot_1

Skill      XL: |  1  2 |
---------------+-------+-----
Stealth        | 5 |  5.1
Fighting       | |  3.4
Short Blades   | |  2.1
Dodging        | |  1.8

Action                   || total
-------------------------++-------
Melee: Short sword       ||    10
       Tailslap          ||     1
 Stab: Sleeping          ||     2
Dodge: Dodged            ||     2

Table legend: (Time is in decaauts)
 A = Elapsed time spent in this place.
 B = Non-inter-level travel time spent in this place.
 C = Inter-level travel time spent in this place.
 D = Time resting spent in this place.
 E = Time spent auto-exploring this place.
 F = Levels seen in this place.
 G = Mean time per level.
                   A        B        C        D        E       F      G
               +--------+--------+--------+--------+--------+-----+--------+
         Total |    113 |    113 |      0 |      0 |     61 |   2 |   56.5 |
       Dungeon |    113 |    113 |      0 |      0 |     61 |   2 |   56.5 |
               +--------+--------+--------+--------+--------+-----+--------+

Top non-repeatable levels by time:
     D:5: 102 daAuts
     D:4: 11 daAuts
